APP
OREM OWLZ @ CLEVELAND (APP) INDIANS
10/31/2049
 
TOP OF THE 1ST
Florida State University Seminoles batting - Pitching for University of Alabama Crimson Tide : RHP Juan Onofre
Pitching: RHP Juan Onofre
Batting: LHB Raul Maldonado 0-0: Called Strike
0-1: SINGLE (Groundball, 34D, EV 96.3 MPH)
Batting: RHB Lupe Barrera 0-0: Ball
1-0: Ball
2-0: Grounds into double play, 6-4-3 (Groundball, 6, EV 86.9 MPH)
Batting: LHB Jai-guo Bian 0-0: Ball
1-0: Ball
2-0: Called Strike
2-1: Foul Ball, location: 2F
2-2: Ball
3-2: Ground out 4-3 (Groundball, 4, EV 100.6 MPH)
Top of the 1st over - 0 runs, 1 hit, 0 errors, 0 left on base; Florida State University 0 - University of Alabama 0
BOTTOM OF THE 1ST
University of Alabama Crimson Tide batting - Pitching for Florida State University Seminoles : LHP Jordan Ruiz
Pitching: LHP Jordan Ruiz
Batting: RHB António Scarlett 0-0: Ground out 4-3 (Groundball, 4S, EV 85.6 MPH)
Batting: RHB Lencho Otieno 0-0: Ground out 5-3 (Groundball, 5, EV 85.0 MPH)
Batting: RHB Adam Turpin 0-0: Ball
1-0: SINGLE (Line Drive, 89M, EV 108.1 MPH)
Batting: RHB Joey Black 0-0: Ball
1-0: Ball
2-0: Called Strike
2-1: Foul Ball, location: 2F
2-2: Foul Ball, location: 2F
2-2: Strikes out swinging
Bottom of the 1st over - 0 runs, 1 hit, 0 errors, 1 left on base; Florida State University 0 - University of Alabama 0
TOP OF THE 2ND
Florida State University Seminoles batting - Pitching for University of Alabama Crimson Tide : RHP Juan Onofre
Batting: RHB Rafael Gil 0-0: Foul Ball, location: 2F
0-1: Swinging Strike
0-2: Ground out 5-3 (Groundball, 56, EV 94.4 MPH)
Batting: RHB Brad Brady 0-0: Fly out, F7 (Line Drive, 7, EV 102.5 MPH)
Batting: RHB Zach Maguire 0-0: SINGLE (Line Drive, 78M, EV 95.6 MPH)
Batting: RHB Manny Hensley 0-0: Called Strike
0-1: Ball
1-1: Called Strike
1-2: Ball
2-2: Foul Ball, location: 2F
2-2: Ball
3-2: 2-RUN HOME RUN (Flyball, 7D, EV 105.6 MPH), Distance : 404 ft
Batting: RHB Jonathan Iniguez 0-0: Called Strike
0-1: Foul Ball, location: 2F
0-2: Ball
1-2: Ground out 6-3 (Groundball, 56, EV 98.8 MPH)
Top of the 2nd over - 2 runs, 2 hits, 0 errors, 0 left on base; Florida State University 2 - University of Alabama 0
BOTTOM OF THE 2ND
University of Alabama Crimson Tide batting - Pitching for Florida State University Seminoles : LHP Jordan Ruiz
Batting: RHB Aaron Bryant 0-0: Swinging Strike
0-1: Swinging Strike
0-2: Strikes out swinging
Batting: RHB Phil McFadden 0-0: Ball
1-0: Called Strike
1-1: Ball
2-1: Called Strike
2-2: Ball
3-2: SINGLE (Line Drive, 78S, EV 91.9 MPH)
Batting: SHB Kyle Wallace 0-0: Called Strike
0-1: Called Strike
0-2: Strikes out looking
Batting: RHB Aaron Bateman 0-0: Swinging Strike
0-1: Swinging Strike
0-2: Strikes out swinging
Bottom of the 2nd over - 0 runs, 1 hit, 0 errors, 1 left on base; Florida State University 2 - University of Alabama 0
TOP OF THE 3RD
Florida State University Seminoles batting - Pitching for University of Alabama Crimson Tide : RHP Juan Onofre
Batting: RHB Caleb Wachtler 0-0: Ball
1-0: Swinging Strike
1-1: Fly out, F9 (Flyball, 9S, EV 86.9 MPH)
Batting: LHB Raul Maldonado 0-0: Called Strike
0-1: Foul Ball, location: 2F
0-2: Ball
1-2: Ball
2-2: Foul Ball, location: 2F
2-2: Strikes out swinging
Batting: RHB Lupe Barrera 0-0: Foul Ball, location: 2F
0-1: Foul Ball, location: 2F
0-2: Ball
1-2: Foul Ball, location: 2F
1-2: Ball
2-2: Ball
3-2: Base on Balls
Batting: LHB Jai-guo Bian 0-0: DOUBLE (Line Drive, 9LM, EV 99.4 MPH)
Lupe Barrera to third
Batting: RHB Rafael Gil 0-0: Ground out 4-3 (Groundball, 34, EV 107.5 MPH)
Top of the 3rd over - 0 runs, 1 hit, 0 errors, 2 left on base; Florida State University 2 - University of Alabama 0
BOTTOM OF THE 3RD
University of Alabama Crimson Tide batting - Pitching for Florida State University Seminoles : LHP Jordan Ruiz
Batting: SHB Alex Rosario 0-0: Ground out 1-3 (Groundball, 13S, EV 72.5 MPH)
Batting: RHB António Scarlett 0-0: Ball
1-0: Ground out 5-3 (Groundball, 15, EV 85.6 MPH)
Batting: RHB Lencho Otieno 0-0: Ball
1-0: Ball
2-0: Ball
3-0: Base on Balls
Batting: RHB Adam Turpin 0-0: Ball
1-0: Fly out, F8 (Flyball, 8RS, EV 91.3 MPH)
Bottom of the 3rd over - 0 runs, 0 hits, 0 errors, 1 left on base; Florida State University 2 - University of Alabama 0
TOP OF THE 4TH
Florida State University Seminoles batting - Pitching for University of Alabama Crimson Tide : RHP Juan Onofre
Batting: RHB Brad Brady 0-0: Called Strike
0-1: Foul Ball, location: 2F
0-2: Foul Ball, location: 2F
0-2: Ground out 1-3 (Groundball, P, EV 72.5 MPH)
Batting: RHB Zach Maguire 0-0: Foul Ball, location: 2F
0-1: Foul Ball, location: 2F
0-2: Foul Ball, location: 2F
0-2: Ground out 4-3 (Groundball, 4S, EV 86.9 MPH)
Batting: RHB Manny Hensley 0-0: Called Strike
0-1: Ball
1-1: Ball
2-1: Called Strike
2-2: Strikes out swinging
Top of the 4th over - 0 runs, 0 hits, 0 errors, 0 left on base; Florida State University 2 - University of Alabama 0
BOTTOM OF THE 4TH
University of Alabama Crimson Tide batting - Pitching for Florida State University Seminoles : LHP Jordan Ruiz
Batting: RHB Joey Black 0-0: Called Strike
0-1: Called Strike
0-2: Ball
1-2: Foul Ball, location: 2F
1-2: Strikes out swinging
Batting: RHB Aaron Bryant 0-0: Ball
1-0: SINGLE (Groundball, 6D, EV 94.4 MPH)
Batting: RHB Phil McFadden 0-0: Foul Ball, location: 2F
0-1: Ball
1-1: Ball
2-1: SINGLE (Flyball, 9, EV 97.5 MPH)
Aaron Bryant to second
Batting: SHB Kyle Wallace 0-0: Ball
1-0: Fielders Choice at 2nd, 6-4 (Groundball, 6, EV 89.4 MPH)
Aaron Bryant to third
Batting: RHB Aaron Bateman 0-0: Called Strike
0-1: Called Strike
0-2: Foul Ball, location: 2F
0-2: Ball
1-2: Strikes out swinging
Bottom of the 4th over - 0 runs, 2 hits, 0 errors, 2 left on base; Florida State University 2 - University of Alabama 0
TOP OF THE 5TH
Florida State University Seminoles batting - Pitching for University of Alabama Crimson Tide : RHP Juan Onofre
Pitching: RHP Brett Bostic
Batting: RHB Jonathan Iniguez 0-0: Ball
1-0: Swinging Strike
1-1: Foul Ball, location: 2F
1-2: Strikes out swinging
Batting: RHB Caleb Wachtler 0-0: Called Strike
0-1: Ball
1-1: Ball
2-1: Swinging Strike
2-2: Foul Ball, location: 2F
2-2: Ball
3-2: Ground out 6-3 (Groundball, 6S, EV 84.4 MPH)
Batting: LHB Raul Maldonado 0-0: Ball
1-0: Ball
2-0: Ball
3-0: Base on Balls
Batting: RHB Lupe Barrera 0-0: Ball
Raul Maldonado steals 2nd base
1-0: Ball
2-0: Foul Ball, location: 2F
2-1: Ball
3-1: Base on Balls
Batting: LHB Jai-guo Bian Balk!
Raul Maldonado to third
Lupe Barrera to second
0-0: Called Strike
0-1: Swinging Strike
0-2: Ball
1-2: Foul Ball, location: 2F
1-2: Strikes out looking
Top of the 5th over - 0 runs, 0 hits, 0 errors, 2 left on base; Florida State University 2 - University of Alabama 0
BOTTOM OF THE 5TH
University of Alabama Crimson Tide batting - Pitching for Florida State University Seminoles : LHP Jordan Ruiz
Pitching: RHP Danny Perez
Batting: SHB Alex Rosario 0-0: Ball
1-0: SINGLE (Line Drive, 8LS, EV 96.9 MPH)
Pinch Hitting: RHB Harry Dickson 0-0: Called Strike
0-1: Swinging Strike
Alex Rosario steals 2nd base
0-2: Ball
1-2: Ground out 6-3 (Groundball, 56D, EV 76.3 MPH)
Pinch Hitting: SHB David Garnica 0-0: Ball
1-0: Ball
2-0: Foul Ball, location: 2F
2-1: Ball
3-1: Base on Balls
Batting: RHB Adam Turpin 0-0: Ball
Alex Rosario steals 3rd base
1-0: Fielders Choice at 2nd, 4-6 (Groundball, 34, EV 88.1 MPH)
Alex Rosario scores
Batting: RHB Joey Black 0-0: Called Strike
0-1: Ball
1-1: Ball
2-1: SINGLE (Groundball, 34D, EV 104.4 MPH)
Adam Turpin to second
Runner from 2nd tries for 3rd, SAFE, throw by RF made at trailing runner, OUT! 9-6
Bottom of the 5th over - 1 run, 2 hits, 0 errors, 1 left on base; Florida State University 2 - University of Alabama 1
TOP OF THE 6TH
Florida State University Seminoles batting - Pitching for University of Alabama Crimson Tide : RHP Brett Bostic
Now at SS: Olivier Lucas
Now in RF: David Garnica
Batting: RHB Rafael Gil 0-0: Called Strike
0-1: Called Strike
0-2: Ball
1-2: Foul Ball, location: 2F
1-2: Foul Ball, location: 2F
1-2: Strikes out swinging
Batting: RHB Brad Brady 0-0: Ball
1-0: Ball
2-0: Ground out U3 (Groundball, 3, EV 83.1 MPH)
Batting: RHB Zach Maguire 0-0: Ball
1-0: Called Strike
1-1: Foul Ball, location: 2F
1-2: Ball
2-2: Foul Ball, location: 2F
2-2: Ball
3-2: Foul Ball, location: 2F
3-2: Base on Balls
Batting: RHB Manny Hensley 0-0: Called Strike
0-1: SINGLE (Groundball, 34D, EV 95.0 MPH)
Zach Maguire to second
Runner from 2nd tries for 3rd, SAFE, throw by RF made to third
Manny Hensley to second
Batting: RHB Jonathan Iniguez 0-0: Ball
1-0: Ball
2-0: Called Strike
2-1: Foul Ball, location: 2F
2-2: Strikes out swinging
Top of the 6th over - 0 runs, 1 hit, 0 errors, 2 left on base; Florida State University 2 - University of Alabama 1
BOTTOM OF THE 6TH
University of Alabama Crimson Tide batting - Pitching for Florida State University Seminoles : RHP Danny Perez
Pinch Hitting: RHB Aukukero Tairi 0-0: Fly out, F9 (Flyball, 9LM, EV 89.4 MPH)
Batting: RHB Phil McFadden 0-0: Called Strike
0-1: Called Strike
0-2: Strikes out swinging
Batting: SHB Kyle Wallace 0-0: Ball
1-0: Swinging Strike
1-1: Ground out U3 (Groundball, 34, EV 86.9 MPH)
Bottom of the 6th over - 0 runs, 0 hits, 0 errors, 0 left on base; Florida State University 2 - University of Alabama 1
TOP OF THE 7TH
Florida State University Seminoles batting - Pitching for University of Alabama Crimson Tide : RHP Brett Bostic
Pitching: LHP Matt Hawk
Now at 1B: Efrem Isaev
Batting: RHB Caleb Wachtler 0-0: Ground out 5-3 (Groundball, 5S, EV 80.0 MPH)
Pinch Hitting: LHB Bill Girton 0-0: Called Strike
0-1: Swinging Strike
0-2: Ball
1-2: Foul Ball, location: 2F
1-2: Strikes out swinging
Batting: RHB Lupe Barrera 0-0: Called Strike
0-1: Ground out 5-3 (Groundball, 56, EV 89.4 MPH)
Top of the 7th over - 0 runs, 0 hits, 0 errors, 0 left on base; Florida State University 2 - University of Alabama 1
BOTTOM OF THE 7TH
University of Alabama Crimson Tide batting - Pitching for Florida State University Seminoles : RHP Danny Perez
Now in RF: Taffounnout Kame
Pinch Hitting: RHB Seisaburo Edagawa 0-0: Ball
1-0: Called Strike
1-1: Fly out, F8 (Flyball, 8LD, EV 102.5 MPH)
Batting: SHB Alex Rosario 0-0: Foul Ball, location: 2F
0-1: Ball
1-1: Foul Ball, location: 2F
1-2: SINGLE (Flyball, 7LS, EV 97.5 MPH)
Batting: RHB Olivier Lucas 0-0: Called Strike
0-1: Ball
Alex Rosario steals 2nd base
1-1: Ball
2-1: Ball
3-1: Foul Ball, location: 2F
3-2: 2-RUN HOME RUN (Flyball, 9LD, EV 96.3 MPH), Distance : 342 ft
Pitching: RHP Hurem Jevtic
Batting: SHB David Garnica 0-0: Ground out 6-3 (Groundball, 6, EV 85.6 MPH)
Batting: RHB Adam Turpin 0-0: Ball
1-0: Fly out, F9 (Line Drive, 9, EV 95.0 MPH)
Bottom of the 7th over - 2 runs, 2 hits, 0 errors, 0 left on base; Florida State University 2 - University of Alabama 3
TOP OF THE 8TH
Florida State University Seminoles batting - Pitching for University of Alabama Crimson Tide : LHP Matt Hawk
Now at 3B: Jason Kinney
Pinch Hitting: RHB Tin-jong Ping 0-0: SINGLE (Line Drive, 7S, EV 106.9 MPH)
Pinch Hitting: RHB Mark Conrad 0-0: Ball
1-0: Fielders Choice at 2nd, 4-6 (Groundball, 34D, EV 110.6 MPH)
Pinch Hitting: RHB Bill Nguyen-Tan 0-0: Swinging Strike
0-1: Foul Ball, location: 2F
0-2: Ball
1-2: Strikes out swinging
Batting: RHB Sal Guzman 0-0: Ball
1-0: Called Strike
1-1: Ball
2-1: Ball
3-1: Base on Balls
Mark Conrad to second
Pinch Hitting: SHB Scott Kuzma 0-0: Ball
1-0: Ball
2-0: Ball
3-0: Called Strike
3-1: Foul Ball, location: 2F
3-2: Foul Ball, location: 2F
3-2: Foul Ball, location: 2F
3-2: Foul Ball, location: 2F
3-2: Foul Ball, location: 2F
3-2: Strikes out swinging
Top of the 8th over - 0 runs, 1 hit, 0 errors, 2 left on base; Florida State University 2 - University of Alabama 3
BOTTOM OF THE 8TH
University of Alabama Crimson Tide batting - Pitching for Florida State University Seminoles : RHP Hurem Jevtic
Now at 1B: Toyohiko Nakajima
Now at 2B: Scott Kuzma
Now at 3B: Tin-jong Ping
Now at SS: Mark Conrad
Now in CF: Jonathan Iniguez
Batting: RHB Joey Black 0-0: Ball
1-0: Ball
2-0: Ball
3-0: Called Strike
3-1: Base on Balls
Batting: LHB Efrem Isaev 0-0: Ball
1-0: SINGLE (Groundball, 34D, EV 101.3 MPH)
Joey Black to second
Runner from 2nd tries for 3rd, SAFE, throw by RF made to third
Batting: RHB Phil McFadden 0-0: Ball
1-0: Ball
Efrem Isaev is caught stealing 2nd base 2-4
2-0: Intentional Walk
Batting: SHB Kyle Wallace 0-0: Foul Ball, location: 2F
0-1: Swinging Strike
0-2: Ball
1-2: Ball
2-2: Foul Ball, location: 2F
2-2: Ball
3-2: Base on Balls
Phil McFadden to second
Batting: LHB Jason Kinney 0-0: Fly out, F8 (Flyball, 8RM, EV 95.0 MPH)
Runner from 3rd tags up, SCORES, throw by CF
Batting: RHB Kai Johnson 0-0: Called Strike
0-1: SINGLE (Groundball, 34S, EV 93.8 MPH)
Phil McFadden to third
Kyle Wallace to second
Runner from 3rd tries for Home, SAFE, throw by RF to home
Batting: RHB Olivier Lucas 0-0: Called Strike
0-1: Foul Ball, location: 2F
0-2: Foul Ball, location: 2F
0-2: SINGLE (Groundball, 56D, EV 101.9 MPH)
Kyle Wallace to third
Kai Johnson to second
Runner from 3rd tries for Home, SAFE, throw by LF to home
Pitching: RHP Marco Perez
Batting: SHB David Garnica 0-0: Ball
1-0: Ball
2-0: Ground out 6-3 (Groundball, 4M, EV 104.4 MPH)
Bottom of the 8th over - 3 runs, 3 hits, 0 errors, 2 left on base; Florida State University 2 - University of Alabama 6
TOP OF THE 9TH
Florida State University Seminoles batting - Pitching for University of Alabama Crimson Tide : LHP Matt Hawk
Pinch Hitting: RHB Daniel Pena 0-0: Ball
1-0: Ball
2-0: Ball
3-0: Called Strike
3-1: Base on Balls
Pinch Hitting: LHB Steve LeGrand 0-0: Ball
1-0: Ball
2-0: Called Strike
2-1: Ball
3-1: Base on Balls
Daniel Pena to second
Pitching: RHP Jeff Whaley
Pinch Hitting: LHB Dong-u Chang 0-0: Called Strike
0-1: Swinging Strike
0-2: Ball
1-2: Strikes out swinging
Pinch Hitting: RHB Jake Garin 0-0: Called Strike
0-1: Foul Ball, location: 2F
0-2: Ball
1-2: Strikes out swinging
Batting: RHB Tin-jong Ping 0-0: Ball
1-0: Fly out, F8 (Flyball, 78S, EV 87.5 MPH)
Top of the 9th over - 0 runs, 0 hits, 0 errors, 2 left on base; Florida State University 2 - University of Alabama 6
Sunday, July 16th , 2023 - OOTP Baseball 24.6 Build 69